AoeStats
← Shredded_Pork

Arena

509854999Analyzed
4v4 RM · 4d ago on Sep 28, 2026· 48m 13s· 8 players
Game mode
Random Map
Map size
Large (8 player)
Population
200
Speed
Normal
Resources
Standard
Victory
Conquest
Starting age
Dark Age
Ending age
Imperial Age
RankedLock teamsTeams togetherTeam positionsShared explorationLock speedFull tech treeHidden civsTurbo modeCheats
Victory
Defeat
🇮🇳 Jurchens · India
820
+14
🇨🇳 Celts · China
783
+16
🇨🇳 Teutons · China
734
+18
🇨🇳 Bohemians · China
731
+18
🇨🇳 Poles · China
887
-20
🇩🇰 Britons · Denmark
786
-17
🇪🇸 Khmer · Spain
730
-15
🇮🇳 Bohemians · India
722
-14
怎么就违规了
6:14 Loom
10:37 Feudal Age
11:13 Double-Bit Axe
17:51 Castle Age
18:57 Bow Saw
18:31 Horse Collar
25:54 Bloodlines
27:17 Wheelbarrow
27:30 Heavy Plow
28:32 Forging
28:29 Scale Barding Armor
30:28 Fortified Wall
31:35 Masonry
32:30 Stone Mining
32:32 Gold Mining
37:22 Imperial Age
36:19 Iron Casting
36:05 Chain Barding Armor
36:50 Town Watch
37:53 Hand Cart
37:23 Cavalier
38:44 Conscription
38:40 Town Patrol
39:41 Paladin
42:38 Chemistry
41:59 Ballistics
Shredded_Pork
10:40 Feudal Age
11:14 Horse Collar
11:22 Double-Bit Axe
20:40 Castle Age
21:53 Heavy Plow
22:10 Bow Saw
32:46 Imperial Age
32:38 Wheelbarrow
32:35 Ballistics
32:17 Scale Mail Armor
32:28 Forging
32:09 Fletching
32:33 Wagenburg Tactics
31:55 Pikeman
32:36 Squires
34:33 Chemistry
34:10 Hand Cart
35:00 Two-Man Saw
34:43 Iron Casting
34:23 Chain Mail Armor
35:07 Conscription
37:27 Blast Furnace
36:22 Bodkin Arrow
39:24 Houfnice
46:34 Siege Engineers
46:41 Halberdier
vlelouch123
8:38 Loom
11:36 Feudal Age
13:39 Wheelbarrow
12:58 Double-Bit Axe
12:55 Horse Collar
19:09 Castle Age
18:04 Fletching
24:21 Heavy Plow
26:23 Bloodlines
27:31 Scale Barding Armor
27:37 Forging
27:23 Bodkin Arrow
34:45 Imperial Age
34:04 Husbandry
34:27 Chain Barding Armor
34:43 Iron Casting
35:07 Capped Ram
36:00 Siege Ram
37:34 Plate Barding Armor
45:17 Elite Steppe Lancer
Nick76Luo
10:48 Feudal Age
14:37 Castle Age
12:21 Horse Collar
13:28 Double-Bit Axe
15:54 Bow Saw
16:43 Heavy Plow
18:08 Stone Mining
20:43 Town Watch
21:38 Wheelbarrow
22:07 Gold Mining
23:25 Gold Shaft Mining
24:24 Stone Shaft Mining
25:44 Hand Cart
29:29 Imperial Age
27:50 Pikeman
28:16 Arson
28:44 Forging
28:35 Scale Mail Armor
28:30 Loom
29:00 Fletching
30:06 Halberdier
30:43 Bodkin Arrow
31:23 Iron Casting
31:04 Chain Mail Armor
31:05 Masonry
31:00 Siege Engineers
30:52 Murder Holes
31:08 Fortified Wall
31:27 Capped Ram
32:55 Conscription
32:40 Siege Ram
36:53 Blast Furnace
37:14 Furor Celtica
38:20 Heavy Scorpion
39:22 Stronghold
40:09 Hoardings
41:00 Ballistics
M1chael Scott
10:16 Feudal Age
14:46 Castle Age
13:38 Double-Bit Axe
15:40 Bow Saw
17:05 Loom
22:01 Wheelbarrow
22:44 Crossbowman
23:46 Padded Archer Armor
23:37 Fletching
24:09 Hand Cart
25:17 Horse Collar
28:35 Heavy Plow
patatitoRTILLA
11:26 Feudal Age
12:37 Double-Bit Axe
15:18 Town Watch
15:58 Bloodlines
15:57 Scale Mail Armor
18:22 Forging
19:07 Scale Barding Armor
23:51 Castle Age
21:45 Gold Mining
21:45 Stone Mining
24:11 Wheelbarrow
25:07 Bow Saw
25:35 Gold Shaft Mining
25:36 Stone Shaft Mining
26:15 Loom
28:17 Husbandry
28:32 Masonry
29:47 Iron Casting
29:49 Fervor
30:02 Ballistics
31:14 Chain Barding Armor
32:24 Fletching
33:27 Caravan
34:02 Hand Cart
36:41 Tusk Swords
39:36 Imperial Age
37:07 Town Patrol
40:01 Bodkin Arrow
41:22 Conscription
42:48 Blast Furnace
42:25 Plate Barding Armor
41:34 Elite Battle Elephant
42:40 Horse Collar
45:50 Bracer
46:13 Padded Archer Armor
Malai-Chaap
8:41 Loom
12:30 Feudal Age
12:59 Double-Bit Axe
12:59 Horse Collar
22:05 Castle Age
26:29 Chemistry
35:00 Imperial Age
35:33 Wheelbarrow
35:42 Town Watch
37:17 Hand Cart
36:58 Houfnice
38:21 Town Patrol
xiaoye
2:35 Loom
11:30 Feudal Age
11:55 Horse Collar
17:10 Castle Age
16:25 Double-Bit Axe
16:37 Gold Mining
16:46 Town Watch
19:54 Bow Saw
20:02 Heavy Plow
24:03 Wheelbarrow
27:38 Imperial Age
25:48 Forging
27:05 Szlachta Privileges
27:25 Stone Mining
28:15 Iron Casting
28:35 Bloodlines
28:52 Conscription
29:28 Husbandry
30:52 Hand Cart
32:26 Blast Furnace
32:45 Squires
32:29 Light Cavalry
33:17 Scale Barding Armor
33:04 Fletching
33:14 Padded Archer Armor
33:15 Scale Mail Armor
33:33 Cavalier
38:20 Winged Hussar
40:52 Crop Rotation
40:59 Lechitic Legacy
41:35 Stone Shaft Mining
41:48 Hoardings
42:22 Chemistry
41:33 Masonry
41:29 Siege Engineers
44:33 Ballistics
44:24 Fortified Wall
44:51 Chain Barding Armor
44:26 Bodkin Arrow
44:47 Chain Mail Armor
Connection lost

Rejoining the realm…

Still unreachable

The connection could not be restored.

Session expired

The server has moved on; the page needs a fresh start.